 Dungeon Crawl Stone Soup version 0.30-a0-1123-gabc949cf19 (webtiles) character file.

Game seed: 7712217700341298113

5725 roxyxy the Geomancer (level 10, -2/51 HPs)
             Began as a Gargoyle Earth Elementalist on Apr 22, 2023.
             Was an Initiate of Gozag.
             Slain by a torpor snail (15 damage)
             ... on level 1 of the Lair of Beasts.
             The game lasted 01:26:38 (8023 turns).

roxyxy the Geomancer (Gargoyle Earth Elementalist)  Turns: 8023, Time: 01:26:42

Health: -2/51      AC: 19    Str: 16    XL:     10   Next: 77%
Magic:  12/23      EV: 11    Int: 19    God:    Gozag
Gold:   675        SH:  0    Dex:  7    Spells: 22/28 levels left

rFire   . . .        F - +5 war axe "Gun Ciog" {heavy, rC+ Str+3 Dex-3}
rCold   + + .        (no shield)
rNeg    + . .        C - +2 ring mail {Will+}
rPois   ∞            h - +2 hat
rElec   +            (no cloak)
rCorr   .            q - +0 pair of gloves
SInv    .            m - +0 pair of boots
Will    +....        (no amulet)
Stlth   +            U - ring of protection from cold
HPRegen 0.28/turn    (no ring)
MPRegen 0.18/turn

%: no passive effects
@: gold aura, slowed, very slow
A: sickness immunity, AC +7, negative energy resistance 1, electricity
resistance, torment resistance 1, petrification resistance
a: Renounce Religion, Potion Petition, Call Merchant, Bribe Branch


You were on level 1 of the Lair of Beasts.
You worshipped Gozag.
Gozag was pleased with you.
You visited 2 branches of the dungeon, and saw 9 of its levels.

You collected 835 gold pieces.
You spent 27 gold pieces at shops.
You paid 133 gold pieces to Gozag.

Inventory:

Hand Weapons
 p - a +0 falchion
 y - the +1 mace of Ascent {heavy, Str+3}
   (You found it on level 3 of the Dungeon)

   Str:       It affects your strength (+3).
 B - a +2 dagger of venom
 F - the +5 war axe "Gun Ciog" (weapon) {heavy, rC+ Str+3 Dex-3}
   (You found it on level 6 of the Dungeon)

   Str:       It affects your strength (+3).
   Dex:       It affects your dexterity (-3).
   rC:        It protects you from cold.
 K - a +2 trident of freezing
 O - a +1 scimitar of flaming
 Q - a +4 battleaxe of freezing
 R - a +3 short sword
 S - a +2 dagger of freezing
 T - a +2 whip of freezing
Missiles
 u - 16 poisoned darts (quivered)
 I - 5 datura-tipped darts
Armour
 a - a +0 robe
 h - a +2 hat (worn)
 m - a +0 pair of boots (worn)
 n - a +0 scale mail
 q - a +0 pair of gloves (worn)
 C - a +2 ring mail of willpower (worn)
 D - a +0 plate armour
Jewellery
 U - a ring of protection from cold (left hand)
Wands
 c - a wand of flame (13)
 v - a wand of roots (17)
 z - a wand of polymorph (13)
 J - a wand of paralysis (46)
Scrolls
 d - 5 scrolls of immolation
 f - 2 scrolls of magic mapping
 g - 3 scrolls of fog
 i - 3 scrolls of amnesia
 k - 2 scrolls of poison
 l - 3 scrolls of teleportation
 r - 2 scrolls of enchant weapon
 E - a scroll of blinking
 G - a scroll of silence
 M - a scroll of noise
 N - a scroll of enchant armour
 V - a scroll of identify
Potions
 b - 2 potions of magic
 e - a potion of degeneration {unknown}
 j - 7 potions of curing
 o - a potion of haste
 s - a potion of berserk rage {unknown}
 t - 3 potions of invisibility {unknown}
 w - a potion of attraction {unknown}
 x - 2 potions of resistance {unknown}
 A - 2 potions of mutation {unknown}
 H - a potion of heal wounds {unknown}
 L - 3 potions of cancellation {unknown}
 P - a potion of flight {unknown}


   Skills:
 + Level 0.5 Fighting
 + Level 4.5 Armour
 + Level 3.0 Dodging
 + Level 3.0 Stealth
 + Level 9.8 Spellcasting
 + Level 0.6 Conjurations
 + Level 0.7 Transmutations
 + Level 12.7 Earth Magic
 + Level 0.5 Evocations


You had 22 spell levels left.
You knew the following spells:

 Your Spells              Type           Power      Damage    Failure   Level
a - Sandblast             Erth           100%       2d20      1%          1
b - Stone Arrow           Conj/Erth      68%        3d11      2%          3
c - Passwall              Tmut/Erth      28%        N/A       1%          2

Your spell library contained the following spells:

 Spells                   Type           Power      Damage    Failure   Level
 Petrify                  Tmut/Erth      34%        N/A       9%          4
 Shock                    Conj/Air       40%        1d5       12%         1
 Swiftness                Air            9%         N/A       38%         3
 Tukima's Dance           Hex            9%         N/A       38%         3
 Airstrike                Air            4%         2d(1-17)  80%         4
 Passage of Golubria      Tloc           9%         N/A       80%         4
 Irradiate                Conj/Tmut      5%         3d13      96%         5
 Yara's Violent Unravell  Hex/Tmut       5%         3d4       97%         5
 Ozocubu's Refrigeration  Ice            4%         4d8       100%        7
 Polar Vortex             Ice            4%         N/A       100%        9
 Sublimation of Blood     Necr           Unusable   N/A       N/A         2
 Simulacrum               Ice/Necr       Unusable   N/A       N/A         6

Dungeon Overview and Level Annotations

Branches:
Dungeon (8/15)             Temple (0/1) D:7            Lair (1/5) D:8

Altars:
Fedhas
Gozag
Trog
Vehumet
Zin
The Shining One

Shops:
D:5 *[(*


Innate Abilities, Weirdness & Mutations

You are immune to sickness and miasma.
Your stone body is resilient. (AC +7)
You are immune to poison.
You resist negative energy. (rN+)
You are resistant to electric shocks. (rElec)
You are resistant to unholy torment.
You are immune to petrification.


Message History

Casting: Sandblast (safe; 1% risk of failure)
Confirm with . or Enter, or press ? or * to list all spells.
Aiming: Sandblast (safe; 1% risk of failure)
Press: ? - help, Shift-Dir - straight line, f/p - basilisk
Aim: a basilisk (severely wounded, 82% to hit)
The blast of sand hits the basilisk!
The basilisk is almost dead.
The basilisk gazes at you. You resist with almost no effort.
The basilisk gazes at you. You resist with almost no effort.
Casting: Sandblast (safe; 1% risk of failure)
Confirm with . or Enter, or press ? or * to list all spells.
Aiming: Sandblast (safe; 1% risk of failure)
Press: ? - help, Shift-Dir - straight line, f/p - basilisk
Aim: a basilisk (almost dead, 82% to hit)
The blast of sand misses the basilisk.
The basilisk bites you.
* * * LOW HITPOINT WARNING * * *
The torpor snail barely misses you. The basilisk bites you.
* * * LOW HITPOINT WARNING * * *
The torpor snail bites you but does no damage.
The basilisk gazes at you. You resist with almost no effort.
Blink to where?
Press: ? - help, Dir - move target, p - basilisk
Okay, then.
Unknown command.
Blink to where?
Press: ? - help, Dir - move target, p - basilisk
Okay, then.
Casting: Sandblast (safe; 1% risk of failure)
Confirm with . or Enter, or press ? or * to list all spells.
Aiming: Sandblast (safe; 1% risk of failure)
Press: ? - help, Shift-Dir - straight line, f/p - basilisk
Aim: a basilisk (almost dead, 82% to hit)
The blast of sand hits the basilisk!
You kill the basilisk!
The torpor snail bites you!
You die...
Your body crumbles into a pile of gold.

...#............#
...........#....# ##.
...#..........$.# ...
...#.......#....## ..
.................# ..
...........#....# .## .
....#...#.##....#####.P##..
................@$$.$$.....
.................w<........
...........................
..........)................
...##P#+##.##....#.##..###.
...#### #####...### .##
...## #.).# .. ....# #...#
.. ...## .....# ...


You could see a torpor snail.

Vanquished Creatures
  Erica (D:8)
  Pikel (D:8)
  2 cane toads (Lair:1)
  A komodo dragon (D:8)
  3 dream sheep (Lair:1)
  A basilisk (Lair:1)
  A wyvern (Lair:1)
  Grum (D:8)
  4 water moccasins
  An ice beast (D:8)
  A sky beast (D:7)
  3 black bears
  An ogre (D:6)
  3 wolves (D:8)
  A centaur (D:4)
  2 lemures (D:8)
  A phantom (D:6)
  A kobold brigand (D:8)
  2 bullfrogs
  3 scorpions
  12 wights
  5 jellies
  An orc priest (D:4)
  3 hounds
  Ijyb (D:4)
  3 orc wizards
  4 iguanas
  2 sleepcaps (D:6)
  6 adders
  A shadow imp (D:7)
  An ufetubus (D:4)
  5 dart slugs
  16 orcs
  10 ball pythons
  7 endoplasms
  A giant cockroach (D:3)
  10 goblins
  10 hobgoblins
  4 jackals (D:2)
  11 kobolds
  3 quokkas
  5 bats
  2 frilled lizards
  3 rats
160 creatures vanquished.

Vanquished Creatures (others)
  10 plants (D:8)
10 creatures vanquished.

Grand Total: 170 creatures vanquished

Notes
Turn   | Place    | Note
-------+----------+-------------------------------------------
     0 | D:1      | roxyxy the Gargoyle Earth Elementalist began the quest for
                  | the Orb.
     0 | D:1      | Reached XP level 1. HP: 10/10 MP: 3/3
   244 | D:1      | Reached XP level 2. HP: 15/15 MP: 1/5
   461 | D:1      | Reached skill level 4 in Earth Magic
  1069 | D:1      | Reached XP level 3. HP: 19/19 MP: 3/6
  1690 | D:2      | Found a faded altar of an unknown god.
  2103 | D:2      | Reached XP level 4. HP: 24/24 MP: 2/8
  2280 | D:2      | Found a bloodstained altar of Trog.
  3151 | D:3      | Identified the +1 mace of Ascent {heavy, Str+3}
  3311 | D:3      | Reached skill level 5 in Earth Magic
  3607 | D:4      | Reached XP level 5. HP: 28/28 MP: 7/10
  3806 | D:4      | Noticed Ijyb
  3854 | D:4      | Killed Ijyb
  4110 | D:4      | Noticed a centaur
  4114 | D:4      | Killed a centaur
  4115 | D:4      | Reached skill level 6 in Earth Magic
  4115 | D:4      | Reached XP level 6. HP: 25/32 MP: 7/12
  4521 | D:5      | Entered Level 5 of the Dungeon
  4685 | D:5      | Found Aledonuk's Antique Armour Shoppe.
  4689 | D:5      | Found Adoclagit's Assorted Antiques.
  4689 | D:5      | Found Tecampet's Assorted Antiques.
  4690 | D:5      | Found Pyxkaom's Antique Weapon Shoppe.
  4702 | D:5      | Reached XP level 7. HP: 36/36 MP: 9/14
  4702 | D:5      | Bought a scroll labelled WUKILIDGHUA for 27 gold pieces
  4733 | D:5      | Reached skill level 1 in Armour
  4733 | D:5      | Reached skill level 5 in Spellcasting
  5074 | D:5      | Reached skill level 7 in Earth Magic
  5265 | D:6      | Reached XP level 8. HP: 40/41 MP: 10/16
  5273 | D:6      | Reached skill level 8 in Earth Magic
  5376 | D:6      | Identified the +5 war axe "Gun Ciog" {heavy, rC+ Str+3
                  | Dex-3}
  5460 | D:6      | Reached skill level 9 in Earth Magic
  5468 | D:6      | Learned a level 3 spell: Stone Arrow
  5645 | D:6      | Found a glowing golden altar of the Shining One.
  5654 | D:6      | Found a radiant altar of Vehumet.
  5655 | D:6      | Found a blossoming altar of Fedhas.
  5667 | D:6      | Found an opulent altar of Gozag.
  5755 | D:6      | Became a worshipper of Gozag Ym Sagoz the Greedy
  5765 | D:6      | Learned a level 2 spell: Passwall
  6441 | D:7      | Found a staircase to the Ecumenical Temple.
  6774 | D:7      | Reached XP level 9. HP: 45/45 MP: 16/19
  6925 | D:7      | Found a glowing silver altar of Zin.
  7343 | D:8      | Noticed Maurice
  7345 | D:8      | Maurice changed into Maurice the basilisk
  7345 | D:8      | Noticed Maurice
  7346 | D:8      | Maurice the basilisk changed into Maurice the scorpion
  7346 | D:8      | Noticed Maurice
  7350 | D:8      | Killed Maurice the scorpion
  7351 | D:8      | Reached skill level 10 in Earth Magic
  7446 | D:8      | Noticed Erica
  7451 | D:8      | Killed Erica
  7452 | D:8      | Reached skill level 11 in Earth Magic
  7502 | D:8      | Noticed a centaur warrior
  7502 | D:8      | Noticed a boulder beetle
  7502 | D:8      | Noticed a red ugly thing
  7502 | D:8      | Noticed a tengu warrior
  7502 | D:8      | Noticed a cyclops
  7502 | D:8      | Noticed a centaur warrior
  7504 | D:8      | Noticed a centaur warrior
  7506 | D:8      | Noticed a four-headed hydra
  7506 | D:8      | Noticed a skeletal warrior
  7535 | D:8      | Reached XP level 10. HP: 50/50 MP: 14/22
  7578 | D:8      | Noticed Pikel
  7587 | D:8      | Killed Pikel
  7725 | D:8      | Noticed Grum
  7735 | D:8      | Killed Grum
  7896 | D:8      | Found a staircase to the Lair.
  7904 | D:8      | Reached skill level 12 in Earth Magic
  7923 | Lair:1   | Entered Level 1 of the Lair of Beasts
  7961 | Lair:1   | Noticed a cane toad
  7973 | Lair:1   | Killed a cane toad
  8010 | Lair:1   | Noticed a cane toad
  8015 | Lair:1   | Killed a cane toad
  8016 | Lair:1   | Noticed a torpor snail
  8023 | Lair:1   | Slain by a torpor snail

Illustrated notes

Levels and vault maps discovered:
D:1:      sevenhm_arrival_forest_fort_small_3, layout_loops_corners
D:2:      layout_basic, hellmonk_ecumenical_altar_zigzags, basic_altar
D:3:      layout_basic
D:4:      layout_loops_ring, minmay_distorted, uniq_ijyb
D:5:      layout_rooms, minmay_shop_grid_forest
D:6:      layout_basic, nicolae_overflow_quartered_altars
D:7:      layout_loops_ring, old_standard_altar, minmay_temple_entry_ruins
D:8:      layout_rooms, david_lair_shrubbed, minivault_12, uniq_pikel,
          uniq_maurice, uniq_grum, uniq_erica
Lair:1:   layout_regular_city, minmay_stone_trees_small

Skill      XL: |  1  2  3  4  5  6  7  8  9 10 |
---------------+-------------------------------+-----
Earth Magic    | 4 5 6 7 9 11 12 | 12.7
Dodging        | 2 3 |  3.0
Spellcasting   | 3 4 5 7 8 9 |  9.8
Armour         | 2 3 4 |  4.5
Stealth        | 3 |  3.0
Fighting       | |  0.5
Conjurations   | |  0.6
Transmutations | |  0.7
Evocations     | |  0.5

Action                     |  1- 3 |  4- 6 |  7- 9 | 10-12 || total
---------------------------+-------+-------+-------+-------++-------
  Melee: Falchion          |       |     6 |       |       ||     6
         Unarmed           |       |     3 |       |       ||     3
         Mace              |       |       |     9 |       ||     9
         War axe           |       |       |       |     1 ||     1
   Cast: Sandblast         |    49 |    84 |   121 |    49 ||   303
         Stone Arrow       |       |       |     2 |       ||     2
         Passwall          |       |       |     1 |       ||     1
  Evoke: Wand              |       |       |     3 |       ||     3
    Use: Scroll            |     3 |     6 |     5 |       ||    14
         Potion            |       |       |     2 |       ||     2
 Armour: Robe              |     1 |       |       |       ||     1
         Skin              |     1 |     3 |       |       ||     4
         Scale mail        |       |     9 |       |       ||     9
         Ring mail         |       |    10 |    43 |    24 ||    77
  Dodge: Dodged            |    14 |    26 |    36 |    26 ||   102

Table legend: (Time is in decaauts)
 A = Elapsed time spent in this place.
 B = Non-inter-level travel time spent in this place.
 C = Inter-level travel time spent in this place.
 D = Time resting spent in this place.
 E = Time spent auto-exploring this place.
 F = Levels seen in this place.
 G = Mean time per level.
                   A        B        C        D        E       F      G
               +--------+--------+--------+--------+--------+-----+--------+
         Total |   8189 |   1272 |   6917 |      0 |      0 |   9 |  909.9 |
       Dungeon |   8074 |   1217 |   6857 |      0 |      0 |   8 | 1009.2 |
          Lair |    114 |     54 |     60 |      0 |      0 |   1 |  114.0 |
               +--------+--------+--------+--------+--------+-----+--------+

Top non-repeatable levels by time:
     D:1: 1614 daAuts
     D:6: 1342 daAuts
     D:2: 1202 daAuts
     D:4: 991 daAuts
     D:7: 878 daAuts
     D:3: 778 daAuts
     D:8: 657 daAuts
     D:5: 610 daAuts
  Lair:1: 114 daAuts
